 Dungeon Crawl Stone Soup version 0.24-b1-44-g37ad8b309f (webtiles) character file.

Game seed: 12109970764416378376, levelgen mode: deterministic

3432 Emblim88 the Ruffian (level 9, -6/88 (89) HPs)
             Began as a Troll Monk on Oct 24, 2019.
             Mangled by a small abomination (8 damage)
             ... on level 2 of the Abyss.
             The game lasted 00:12:35 (4746 turns).

Emblim88 the Ruffian (Troll Monk)                   Turns: 4746, Time: 00:12:36

HP:   -6/88 (89)    AC:  8    Str: 23    XL:     9   Next: 77%
MP:   12/12         EV: 12    Int:  6    God:
Gold: 376           SH:  0    Dex: 13    Spells: 8/8 levels left

rFire    . . .     SeeInvis .     - Unarmed
rCold    . . .     Gourm    +   (no shield)
rNeg     . . .     Faith    .   a - +0 robe
rPois    .         Spirit   .   (helmet restricted)
rElec    .         Reflect  .   o - +1 cloak
rCorr    .         Harm     .   (gloves unavailable)
MR       .....                  (boots unavailable)
Stlth    ++........             (no amulet)
HPRegen  0.64/turn              (no ring)
MPRegen  0.13/turn              (no ring)

@: no status effects
A: large, unfitting armour, claws 3, fast metabolism 3, gourmand, regeneration
1, shaggy fur 1, tough skin 3
a: no special abilities


You were on level 2 of the Abyss.
You were hungry.

You visited 1 branch of the dungeon, and saw 6 of its levels.
You visited the Abyss 1 time.

You collected 376 gold pieces.

Inventory:

Missiles
 r - 9 poisoned darts (quivered)
 v - a throwing net
Armour
 a - a +0 robe (worn)
 o - a +1 cloak (worn)
Wands
 f - a wand of acid (10)
 s - a wand of paralysis (7)
 t - a wand of iceblast (10)
 x - a wand of clouds (6)
Scrolls
 c - 9 scrolls of identify {unknown}
 e - 2 scrolls of magic mapping {unknown}
 g - 4 scrolls of blinking {unknown}
 j - a scroll of immolation {unknown}
 k - 7 scrolls of remove curse {unknown}
 m - a scroll of fear {unknown}
 n - 4 scrolls of amnesia {unknown}
 q - 3 scrolls of enchant weapon {unknown}
 u - 4 scrolls of teleportation {unknown}
Potions
 d - 2 potions of flight {unknown}
 h - 2 potions of heal wounds {unknown}
 i - 3 potions of curing {unknown}
 l - 3 potions of brilliance {unknown}
 p - a potion of might {unknown}
 w - a potion of lignification {unknown}
 z - a potion of cancellation {unknown}
Comestibles
 b - 17 rations


   Skills:
 + Level 5.8 Fighting
 + Level 5.8 Dodging
 - Level 1.0 Stealth
 + Level 7.0 Unarmed Combat
 * Level 6.5 Evocations


You had 8 spell levels left.
You didn't know any spells.
Your spell library was empty.

Dungeon Overview and Level Annotations

Branches:
Dungeon (6/15)
 Temple: D:4-7

Altars:
Ashenzari

Shops:
D:4 *

Annotations:
D:6 Edmund


Innate Abilities, Weirdness & Mutations

You are too large for most types of armour.
You have claws for hands.
Your metabolism is lightning-fast.
You like to eat raw meat.
Your natural rate of healing is unusually fast.
You are covered in fur. (AC +1)
You have extremely tough skin. (AC +3)


Message History

The small abomination hits you.
The small abomination barely misses you.
The small abomination completely misses you.
The small abomination hits you! The small abomination hits you!
The small abomination hits you.
The small abomination closely misses you.
The small abomination hits you!
* * * LOW HITPOINT WARNING * * *
The small abomination closely misses you.
The small abomination closely misses you.
A small abomination comes into view.
The small abomination moves out of view.
You scratch the small abomination but do no damage.
The small abomination hits you!
* * * LOW HITPOINT WARNING * * *
You closely miss the small abomination. The small abomination hits you!
* * * LOW HITPOINT WARNING * * *
The small abomination hits you!
You die...

# .# # ..#
######....#
#.@x..# ####X##
#.# # ## #X# ####
# #.#.##
#....##..#....#
.#. .. #..#..# #
#. .##....#.#.# .
.#
##......#..#.#..#


You could see a large abomination and a small abomination.

Vanquished Creatures
  A two-headed ogre (D:4)
  Pikel (D:4)
  Prince Ribbit (D:6)
  A water moccasin (D:4)
  Duvessa (D:6)
  2 sky beasts
  A slave (D:4)
  A necrophage (D:6)
  4 ogres
  A centaur (D:5)
  A small abomination (Abyss:2)
  Blork the orc (D:4)
  Dowan (D:6)
  A scorpion (D:4)
  3 wights (D:6)
  A bullfrog zombie (D:5)
  4 crimson imps
  A jelly (D:5)
  4 orc priests
  4 hounds
  A bullfrog skeleton (D:5)
  An iguana (D:4)
  3 orc wizards
  3 worker ants
  A hound zombie (D:5)
  A worker ant zombie (D:5)
  8 adders
  A shadow imp (D:5)
  2 adder skeletons
  5 worms
  A dart slug (D:3)
  8 leopard geckos
  18 orcs
  11 ball pythons
  7 bats
  3 giant cockroaches
  13 goblins
  7 hobgoblins
  2 jackals (D:2)
  6 kobolds
  5 quokkas
  3 frilled lizards
  A quokka zombie (D:5)
  9 rats
155 creatures vanquished.

Vanquished Creatures (others)
  An adder skeleton (D:4)
1 creature vanquished.

Grand Total: 156 creatures vanquished

Notes
Turn   | Place    | Note
-------+----------+-------------------------------------------
     0 | D:1      | Emblim88 the Troll Monk began the quest for the Orb.
     0 | D:1      | Reached XP level 1. HP: 22/22 MP: 0/0
   195 | D:1      | Reached XP level 2. HP: 8/29 MP: 1/1
   600 | D:2      | Reached XP level 3. HP: 31/36 MP: 2/2
  1065 | D:2      | Reached skill level 1 in Evocations
  1065 | D:2      | Reached XP level 4. HP: 43/44 MP: 3/3
  2093 | D:4      | Noticed a slave
  2093 | D:4      | Noticed a slave
  2109 | D:4      | Noticed a two-headed ogre
  2111 | D:4      | Noticed a slave
  2131 | D:4      | Killed a slave
  2132 | D:4      | Reached XP level 5. HP: 45/53 MP: 5/5
  2207 | D:4      | Reached skill level 4 in Unarmed Combat
  2228 | D:4      | Noticed a water moccasin
  2275 | D:4      | Noticed a slave
  2275 | D:4      | Noticed Pikel
  2296 | D:4      | Killed Pikel
  2296 | D:4      | Reached XP level 6. HP: 14/62 MP: 5/7
  2296 | D:4      | Reached XP level 7. HP: 15/68 MP: 5/8
  2489 | D:4      | Reached skill level 5 in Unarmed Combat
  2578 | D:4      | Killed a two-headed ogre
  2578 | D:4      | Reached XP level 8. HP: 79/79 MP: 8/10
  2579 | D:4      | Found Inimon's Mayhem Merchandise.
  2692 | D:4      | Reached skill level 5 in Evocations
  2758 | D:4      | Noticed Blork the orc
  2768 | D:4      | Killed Blork the orc
  3049 | D:5      | Entered Level 5 of the Dungeon
  3127 | D:5      | Reached skill level 5 in Dodging
  3127 | D:5      | Reached skill level 6 in Unarmed Combat
  3164 | D:5      | Reached skill level 5 in Fighting
  3362 | D:5      | Reached XP level 9. HP: 88/88 MP: 10/12
  3966 | D:6      | Found a shattered altar of Ashenzari.
  4079 | D:6      | Noticed Edmund
  4133 | D:6      | Noticed Duvessa
  4133 | D:6      | Noticed Dowan
  4141 | D:6      | Killed Duvessa
  4153 | D:6      | Killed Dowan
  4363 | D:6      | Noticed Prince Ribbit
  4560 | D:6      | Killed Prince Ribbit
  4617 | D:6      | Cast into level 2 of the Abyss (Edmund)
  4649 | Abyss:2  | Reached skill level 7 in Unarmed Combat
  4746 | Abyss:2  | HP: 2/88 [small abomination (10)]
  4746 | Abyss:2  | Mangled by a small abomination

Skill      XL: |  1  2  3  4  5  6  7  8  9 |
---------------+----------------------------+-----
Evocations     | 1 3 4 5 6 |  6.5
Fighting       | 3 4 5 |  5.8
Dodging        | 3 4 5 |  5.8
Unarmed Combat | 4 5 6 7 |  7.0
Stealth        | |  1.0

Action                   |  1- 3 |  4- 6 |  7- 9 || total
-------------------------+-------+-------+-------++-------
Melee: Unarmed           |   125 |   134 |   284 ||   543
       Punch             |       |       |     8 ||     8
Throw: Dart              |       |       |    13 ||    13
Evoke: Wand              |       |       |     4 ||     4
 Stab: Sleeping          |     4 |     5 |     1 ||    10
  Eat: Chunk             |    11 |    13 |    16 ||    40
Armor: Robe              |    50 |    58 |    82 ||   190
Dodge: Dodged            |    70 |    66 |   140 ||   276
